| TOP OF THE 1ST |
|
Northwest Arkansas Naturals batting - Pitching for Corpus Christi Hooks : RHP James Browning
|
|
Pitching: RHP James Browning
|
|
|
Batting: LHB Edgar Ortiz
|
0-0: Called Strike 0-1: Ball 1-1: Foul Ball, location: 2F 1-2: Ball 2-2: Ball 3-2: Reached on error, E5 (Groundball, 56S, EV 83.8 MPH)
|
|
Batting: RHB Kevin Allen
|
0-0: Foul Ball, location: 2F 0-1: Ball 1-1: Fly out, F9 (Flyball, 9LM, EV 98.8 MPH)
|
|
Batting: LHB Pablo Serrato
|
0-0: Ball 1-0: 2-RUN HOME RUN (Flyball, 7LD, EV 88.1 MPH), Distance : 331 ft
|
|
Batting: RHB Nick Julien
|
0-0: Ball 1-0: Ball 2-0: Fly out, F8 (Line Drive, 8RD, EV 109.4 MPH)
|
|
Batting: SHB Bill Ertl
|
0-0: Called Strike 0-1: Ball 1-1: Swinging Strike 1-2: Foul Ball, location: 2F 1-2: Ball 2-2: Strikes out swinging
|
| Top of the 1st over - 2 runs, 1 hit, 1 error, 0 left on base; Northwest Arkansas 2 - Corpus Christi 0 |
| BOTTOM OF THE 1ST |
|
Corpus Christi Hooks batting - Pitching for Northwest Arkansas Naturals : RHP Phil Kellum
|
|
Pitching: RHP Phil Kellum
|
|
|
Batting: LHB Glenn Lowther
|
0-0: Ball 1-0: Foul Ball, location: 2F 1-1: Foul Ball, location: 2F 1-2: Ball 2-2: Fly out, F4 (Line Drive, 4, EV 70.6 MPH)
|
|
Batting: LHB Jackson Trottier
|
0-0: Ball 1-0: DOUBLE (Line Drive, 9LM, EV 96.9 MPH)
|
|
Batting: RHB Duncan Collins
|
0-0: Ball 1-0: Foul Ball, location: 2F 1-1: Foul Ball, location: 2F 1-2: Ground out 1-3 (Groundball, 13S, EV 69.4 MPH) Jackson Trottier to third
|
|
Batting: LHB Bob Dietz
|
0-0: Ground out 5-3 (Groundball, 56S, EV 89.4 MPH)
|
| Bottom of the 1st over - 0 runs, 1 hit, 0 errors, 1 left on base; Northwest Arkansas 2 - Corpus Christi 0 |
| TOP OF THE 2ND |
|
Northwest Arkansas Naturals batting - Pitching for Corpus Christi Hooks : RHP James Browning
|
|
Batting: RHB Edwin Ramos
|
0-0: Ground out 6-3 (Groundball, 4MD, EV 103.8 MPH)
|
|
Batting: SHB Mike Williams
|
0-0: Swinging Strike 0-1: Ball 1-1: Fly out, F8 (Flyball, 8LM, EV 88.1 MPH)
|
|
Batting: LHB Danny Pacheco
|
0-0: Ground out 4-3 (Groundball, 4, EV 86.2 MPH)
|
| Top of the 2nd over - 0 runs, 0 hits, 0 errors, 0 left on base; Northwest Arkansas 2 - Corpus Christi 0 |
| BOTTOM OF THE 2ND |
|
Corpus Christi Hooks batting - Pitching for Northwest Arkansas Naturals : RHP Phil Kellum
|
|
Batting: RHB Xavier Castaneda
|
0-0: Ball 1-0: Foul Ball, location: 2F 1-1: Called Strike 1-2: Ball 2-2: Strikes out swinging
|
|
Batting: RHB Pat McCoy
|
0-0: Ball 1-0: SINGLE (Flyball, 8LS, EV 91.2 MPH)
|
|
Batting: RHB Alex Campos
|
0-0: Called Strike 0-1: Fly out, F5 (Line Drive, 56, EV 66.9 MPH)
|
|
Batting: RHB Jason Monico
|
0-0: Ball 1-0: Ball 2-0: Foul Ball, location: 2F 2-1: Ball Passed Ball! Pat McCoy to second 3-1: Swinging Strike 3-2: Ground out 6-3 (Groundball, 56, EV 83.8 MPH)
|
| Bottom of the 2nd over - 0 runs, 1 hit, 0 errors, 1 left on base; Northwest Arkansas 2 - Corpus Christi 0 |
| TOP OF THE 3RD |
|
Northwest Arkansas Naturals batting - Pitching for Corpus Christi Hooks : RHP James Browning
|
|
Batting: RHB Vance Coen
|
0-0: SINGLE (Groundball, 4D, EV 96.2 MPH)
|
|
Batting: LHB Edgar Ortiz
|
0-0: Called Strike 0-1: Ball 1-1: Foul Ball, location: 2F 1-2: Strikes out swinging
|
|
Batting: RHB Kevin Allen
|
0-0: Ball 1-0: Ball 2-0: Ball 3-0: Base on Balls Vance Coen to second
|
|
Batting: LHB Pablo Serrato
|
0-0: Ball 1-0: Fly out, F7 (Flyball, 7, EV 85.6 MPH)
|
|
Batting: RHB Nick Julien
|
0-0: Foul Ball, location: 2F 0-1: Ball 1-1: Swinging Strike 1-2: Ball 2-2: Ball 3-2: Base on Balls Vance Coen to third Kevin Allen to second
|
|
Batting: SHB Bill Ertl
|
0-0: Ball 1-0: Called Strike 1-1: Ball 2-1: Ball Wild Pitch! Vance Coen scores Kevin Allen to third Nick Julien to second 3-1: 3-RUN HOME RUN (Flyball, 7D, EV 100.0 MPH), Distance : 365 ft
|
|
Batting: RHB Edwin Ramos
|
0-0: Ground out 6-3 (Groundball, 6S, EV 83.8 MPH)
|
| Top of the 3rd over - 4 runs, 2 hits, 0 errors, 0 left on base; Northwest Arkansas 6 - Corpus Christi 0 |
| BOTTOM OF THE 3RD |
|
Corpus Christi Hooks batting - Pitching for Northwest Arkansas Naturals : RHP Phil Kellum
|
|
Batting: RHB Oren Jones
|
0-0: Ball 1-0: Called Strike 1-1: Foul Ball, location: 2F 1-2: Strikes out looking
|
|
Batting: LHB Glenn Lowther
|
0-0: Called Strike 0-1: Ball 1-1: SINGLE (Line Drive, 8RS, EV 105.0 MPH)
|
|
Batting: LHB Jackson Trottier
|
0-0: Called Strike Glenn Lowther steals 2nd base 0-1: Ball 1-1: SINGLE (Flyball, 7LS, EV 92.5 MPH) Glenn Lowther to third
|
|
Batting: RHB Duncan Collins
|
0-0: Called Strike 0-1: Ball 1-1: Foul Ball, location: 2F 1-2: Foul Ball, location: 2F 1-2: Strikes out swinging
|
|
Batting: LHB Bob Dietz
|
0-0: Ball 1-0: Fielders Choice at 2nd, 6-4 (Groundball, 6, EV 101.2 MPH)
|
| Bottom of the 3rd over - 0 runs, 2 hits, 0 errors, 2 left on base; Northwest Arkansas 6 - Corpus Christi 0 |
| TOP OF THE 4TH |
|
Northwest Arkansas Naturals batting - Pitching for Corpus Christi Hooks : RHP James Browning
|
|
Batting: SHB Mike Williams
|
0-0: Called Strike 0-1: Ball 1-1: Called Strike 1-2: Foul Ball, location: 2F 1-2: Ball 2-2: Ball 3-2: Base on Balls
|
|
Pitching: RHP Brian Trejo
|
|
|
Batting: LHB Danny Pacheco
|
0-0: Ball 1-0: Called Strike Mike Williams steals 2nd base 1-1: SINGLE (Groundball, 4MD, EV 95.0 MPH) Mike Williams to third Runner from 3rd tries for Home, SAFE, throw by CF to home
|
|
Batting: RHB Vance Coen
|
0-0: Ball 1-0: Called Strike 1-1: Fly out, F7 (Flyball, 7D, EV 96.2 MPH)
|
|
Batting: LHB Edgar Ortiz
|
0-0: Foul Ball, location: 2F 0-1: Foul Ball, location: 2F 0-2: Strikes out looking
|
|
Batting: RHB Kevin Allen
|
0-0: Ball 1-0: Ball 2-0: Called Strike 2-1: Ball 3-1: Foul Ball, location: 2F 3-2: Foul Ball, location: 2F 3-2: Foul Ball, location: 2F 3-2: Foul Ball, location: 2F 3-2: Foul Ball, location: 2F 3-2: Base on Balls Danny Pacheco to second
|
|
Batting: LHB Pablo Serrato
|
0-0: Ball 1-0: Called Strike 1-1: Ball 2-1: Foul Ball, location: 2F 2-2: Ball 3-2: Strikes out looking
|
| Top of the 4th over - 1 run, 1 hit, 0 errors, 2 left on base; Northwest Arkansas 7 - Corpus Christi 0 |
| BOTTOM OF THE 4TH |
|
Corpus Christi Hooks batting - Pitching for Northwest Arkansas Naturals : RHP Phil Kellum
|
|
Batting: RHB Xavier Castaneda
|
0-0: Called Strike 0-1: Foul Ball, location: 2F 0-2: Strikes out swinging
|
|
Batting: RHB Pat McCoy
|
0-0: Swinging Strike 0-1: Swinging Strike 0-2: Strikes out swinging
|
|
Batting: RHB Alex Campos
|
0-0: Called Strike 0-1: Ball 1-1: Foul Ball, location: 2F 1-2: Strikes out swinging
|
| Bottom of the 4th over - 0 runs, 0 hits, 0 errors, 0 left on base; Northwest Arkansas 7 - Corpus Christi 0 |
| TOP OF THE 5TH |
|
Northwest Arkansas Naturals batting - Pitching for Corpus Christi Hooks : RHP Brian Trejo
|
|
Batting: RHB Nick Julien
|
0-0: Ball 1-0: Ball 2-0: Ball 3-0: SINGLE (Line Drive, 7S, EV 105.0 MPH)
|
|
Batting: SHB Bill Ertl
|
0-0: Ball 1-0: Foul Ball, location: 2F 1-1: Fly out, F8 (Line Drive, 8RD, EV 90.0 MPH)
|
|
Batting: RHB Edwin Ramos
|
0-0: Called Strike 0-1: Fly out, F2 (Popup, 3SF, EV 81.9 MPH)
|
|
Batting: SHB Mike Williams
|
0-0: Ball 1-0: Foul Ball, location: 2F 1-1: Foul Ball, location: 2F 1-2: Strikes out looking
|
| Top of the 5th over - 0 runs, 1 hit, 0 errors, 1 left on base; Northwest Arkansas 7 - Corpus Christi 0 |
| BOTTOM OF THE 5TH |
|
Corpus Christi Hooks batting - Pitching for Northwest Arkansas Naturals : RHP Phil Kellum
|
|
Batting: RHB Jason Monico
|
0-0: Ball 1-0: Ball 2-0: Foul Ball, location: 2F 2-1: Ground out 4-3 (Groundball, 4, EV 103.8 MPH)
|
|
Batting: RHB Oren Jones
|
0-0: Ball 1-0: Swinging Strike 1-1: Swinging Strike 1-2: Strikes out looking
|
|
Batting: LHB Glenn Lowther
|
0-0: Fly out, F3 (Popup, 34, EV 63.8 MPH)
|
| Bottom of the 5th over - 0 runs, 0 hits, 0 errors, 0 left on base; Northwest Arkansas 7 - Corpus Christi 0 |
| TOP OF THE 6TH |
|
Northwest Arkansas Naturals batting - Pitching for Corpus Christi Hooks : RHP Brian Trejo
|
|
Batting: LHB Danny Pacheco
|
0-0: Called Strike 0-1: Swinging Strike 0-2: Ball 1-2: Fly out, F9 (Flyball, 9, EV 78.1 MPH)
|
|
Batting: RHB Vance Coen
|
0-0: Ball 1-0: Called Strike 1-1: Foul Ball, location: 2F 1-2: Strikes out looking
|
|
Batting: LHB Edgar Ortiz
|
0-0: Called Strike 0-1: Called Strike 0-2: Ball 1-2: Fly out, F9 (Flyball, 9D, EV 108.1 MPH)
|
| Top of the 6th over - 0 runs, 0 hits, 0 errors, 0 left on base; Northwest Arkansas 7 - Corpus Christi 0 |
| BOTTOM OF THE 6TH |
|
Corpus Christi Hooks batting - Pitching for Northwest Arkansas Naturals : RHP Phil Kellum
|
|
Batting: LHB Jackson Trottier
|
0-0: Ball 1-0: Fly out, F8 (Flyball, 8RXD, EV 100.6 MPH)
|
|
Batting: RHB Duncan Collins
|
0-0: Ball 1-0: Called Strike 1-1: Fly out, F7 (Flyball, 7, EV 90.0 MPH)
|
|
Batting: LHB Bob Dietz
|
0-0: Foul Ball, location: 2F 0-1: Ball 1-1: Ground out 5-3 (Groundball, 25, EV 78.1 MPH)
|
| Bottom of the 6th over - 0 runs, 0 hits, 0 errors, 0 left on base; Northwest Arkansas 7 - Corpus Christi 0 |
| TOP OF THE 7TH |
|
Northwest Arkansas Naturals batting - Pitching for Corpus Christi Hooks : RHP Brian Trejo
|
|
Batting: RHB Kevin Allen
|
0-0: Called Strike 0-1: Swinging Strike 0-2: Ball 1-2: Foul Ball, location: 2F 1-2: Ball 2-2: Ball 3-2: Ground out 4-3 (Groundball, 4, EV 99.4 MPH)
|
|
Batting: LHB Pablo Serrato
|
0-0: Fly out, F8 (Flyball, 8RM, EV 83.1 MPH)
|
|
Batting: RHB Nate De Jongh
|
0-0: Called Strike 0-1: Called Strike 0-2: Ball 1-2: Fly out, F8 (Flyball, 8RD, EV 103.1 MPH)
|
| Top of the 7th over - 0 runs, 0 hits, 0 errors, 0 left on base; Northwest Arkansas 7 - Corpus Christi 0 |
| BOTTOM OF THE 7TH |
|
Corpus Christi Hooks batting - Pitching for Northwest Arkansas Naturals : RHP Phil Kellum
|
|
Batting: RHB Xavier Castaneda
|
0-0: Called Strike 0-1: Swinging Strike 0-2: Ball 1-2: Strikes out swinging
|
|
Batting: RHB Pat McCoy
|
0-0: Ground out 6-3 (Groundball, 56, EV 83.1 MPH)
|
|
Batting: RHB Alex Campos
|
0-0: Called Strike 0-1: Swinging Strike 0-2: Ball 1-2: Strikes out looking
|
| Bottom of the 7th over - 0 runs, 0 hits, 0 errors, 0 left on base; Northwest Arkansas 7 - Corpus Christi 0 |
| TOP OF THE 8TH |
|
Northwest Arkansas Naturals batting - Pitching for Corpus Christi Hooks : RHP Brian Trejo
|
|
Batting: SHB Bill Ertl
|
0-0: Ball 1-0: Called Strike 1-1: Foul Ball, location: 2F 1-2: Ball 2-2: Foul Ball, location: 2F 2-2: Strikes out swinging
|
|
Pitching: LHP Blaine Whitmore
|
|
|
Batting: RHB Edwin Ramos
|
0-0: SINGLE (Groundball, 56S, EV 63.1 MPH) (infield hit)
|
|
Batting: SHB Mike Williams
|
0-0: Called Strike 0-1: Ball 1-1: SINGLE (Groundball, 6MD, EV 97.5 MPH) Edwin Ramos to second
|
|
Batting: LHB Danny Pacheco
|
0-0: Called Strike 0-1: Called Strike 0-2: 3-RUN HOME RUN (Flyball, 9D, EV 100.6 MPH), Distance : 369 ft
|
|
Batting: RHB Vance Coen
|
0-0: Foul Ball, location: 2F 0-1: Ground out 6-3 (Groundball, 6, EV 79.4 MPH)
|
|
Batting: LHB Edgar Ortiz
|
0-0: Called Strike 0-1: SINGLE (Flyball, 7, EV 88.8 MPH)
|
|
Batting: RHB Kevin Allen
|
0-0: Ball 1-0: Ball 2-0: Ball 3-0: Called Strike 3-1: Base on Balls Edgar Ortiz to second
|
|
Batting: LHB Pablo Serrato
|
0-0: Called Strike 0-1: Ball 1-1: Foul Ball, location: 2F 1-2: Ball 2-2: Strikes out swinging
|
| Top of the 8th over - 3 runs, 4 hits, 0 errors, 2 left on base; Northwest Arkansas 10 - Corpus Christi 0 |
| BOTTOM OF THE 8TH |
|
Corpus Christi Hooks batting - Pitching for Northwest Arkansas Naturals : RHP Phil Kellum
|
|
Pitching: RHP Justin Potts
|
|
|
Batting: RHB Jason Monico
|
0-0: Ball 1-0: Fly out, F3 (Popup, 3SF, EV 80.0 MPH)
|
|
Pinch Hitting: RHB Andrew Pride
|
0-0: Ball 1-0: Foul Ball, location: 2F 1-1: Ball 2-1: Ground out 6-3 (Groundball, 6, EV 88.8 MPH)
|
|
Batting: LHB Glenn Lowther
|
0-0: Ball 1-0: Swinging Strike 1-1: SINGLE (Groundball, 6MD, EV 98.1 MPH)
|
|
Batting: LHB Jackson Trottier
|
0-0: Ground out 4-3 (Groundball, 34, EV 79.4 MPH)
|
| Bottom of the 8th over - 0 runs, 1 hit, 0 errors, 1 left on base; Northwest Arkansas 10 - Corpus Christi 0 |
| TOP OF THE 9TH |
|
Northwest Arkansas Naturals batting - Pitching for Corpus Christi Hooks : LHP Blaine Whitmore
|
|
Now at 2B: Jason Monico
|
|
|
Now at SS: Xavier Castaneda
|
|
|
Now in LF: Andrew Pride
|
|
|
Batting: RHB Nate De Jongh
|
0-0: Swinging Strike 0-1: Foul Ball, location: 2F 0-2: Ball 1-2: Foul Ball, location: 2F 1-2: Ball 2-2: Foul Ball, location: 2F 2-2: Ball 3-2: Base on Balls
|
|
Batting: SHB Bill Ertl
|
0-0: Called Strike 0-1: Fly out, F7 (Flyball, 7, EV 97.5 MPH)
|
|
Batting: RHB Edwin Ramos
|
0-0: Ball 1-0: SINGLE (Groundball, 4M, EV 88.1 MPH) (infield hit) Nate De Jongh to second
|
|
Batting: SHB Mike Williams
|
0-0: Called Strike 0-1: Fly out, F8 (Flyball, 8RXD, EV 91.9 MPH) Runner from 2nd tags up, SAFE at 3rd, no throw by CF
|
|
Batting: LHB Danny Pacheco
|
0-0: Ball 1-0: Ball 2-0: Fly out, F5 (Popup, 56, EV 81.9 MPH)
|
| Top of the 9th over - 0 runs, 1 hit, 0 errors, 2 left on base; Northwest Arkansas 10 - Corpus Christi 0 |
| BOTTOM OF THE 9TH |
|
Corpus Christi Hooks batting - Pitching for Northwest Arkansas Naturals : RHP Justin Potts
|
|
Batting: RHB Duncan Collins
|
0-0: Called Strike 0-1: Ball 1-1: Foul Ball, location: 2F 1-2: Ball 2-2: Ground out 5-3 (Groundball, 56, EV 88.1 MPH)
|
|
Batting: LHB Bob Dietz
|
0-0: Fly out, F7 (Flyball, 78S, EV 74.4 MPH)
|
|
Batting: RHB Xavier Castaneda
|
0-0: Ball 1-0: Ball 2-0: Foul Ball, location: 2F 2-1: Ball 3-1: Ground out 6-3 (Groundball, 6, EV 85.6 MPH)
|
| Bottom of the 9th over - 0 runs, 0 hits, 0 errors, 0 left on base; Northwest Arkansas 10 - Corpus Christi 0 |
|